Map: Templo óseo EE

Players

SARSCOV - Winner!

  • Race: Protoss Protoss
  • League: Silver
  • Spawn Location: 12:00

Manolo - Winner!

  • Race: Terran Terran
  • League: Silver
  • Spawn Location: 3:00

DoMiNiCk - Winner!

  • Race: Protoss Protoss
  • League: Bronze
  • Spawn Location: 1:00

MrFercho

  • Race: Zerg Zerg
  • League: Silver
  • Spawn Location: 7:00

tigro

  • Race: Terran Terran
  • League: Bronze
  • Spawn Location: 7:00

TATORREA

  • Race: Protoss Protoss
  • League: Gold
  • Spawn Location: 6:00

VOD

Have the link to the VOD?

Description

Time

  • Played on: July 3, 2020, 10:02 p.m.
  • Length: 24:40
Show
View Real Time Build Order
Export as new Build Order

SARSCOV Protoss - Winner!

Build Orders: Carriers 

Get SALT Encoding   

  12  0:03  Probe  
  13  0:21  Pylon  
  13  0:41  Gateway  
  13  0:47  Forge  
  13  0:59  Pylon  
  13  1:09  Pylon  
  13  1:11  Assimilator  
  13  1:12  Probe  
  14  1:20  Probe  
  15  1:28  Probe  
  16  1:39  Probe  
  17  1:51  Probe  
  18  2:03  Probe  
  19  2:16  Assimilator  
  19  2:21  Pylon  
  19  2:26  Pylon  
  19  2:29  Cybernetics Core  
  19  2:33  Photon Cannon  
  19  2:44  Photon Cannon, Probe  
  20  2:52  Probe  
  21  3:01  Probe  
  22  3:14  Probe  
  23  3:25  Stargate  
  23  3:28  Stargate  
  23  3:32  Stargate  
  23  3:43  Pylon  
  23  3:57  Nexus  
  23  4:02  Photon Cannon  
  23  4:03  Photon Cannon  
  23  4:08  Photon Cannon  
  23  4:09  Photon Cannon  
  23  4:11  Pylon  
  23  4:13  Photon Cannon  
  23  4:25  Fleet Beacon  
  23  5:12  Carrier x2  
  35  5:19  Probe  
  35  5:22  Assimilator  
  35  5:24  Probe  
  35  5:26  Assimilator  
  35  5:27  Probe  
  37  5:32  Probe  
  38  5:36  Probe  
  38  5:41  Probe  
  40  5:48  Probe  
  42  5:53  Carrier, Probe  
  49  5:58  Probe  
  50  6:06  Probe x2  
  52  6:15  Probe  
  52  6:18  Probe  
  54  6:27  Probe  
  54  6:30  Probe  
  56  6:41  Shield Battery  
  56  6:42  Probe  
  56  6:43  Shield Battery  
  57  6:55  Photon Cannon  
  57  7:09  Photon Cannon  
  57  7:15  Shield Battery  
  57  7:24  Carrier x3  
  75  7:34  Nexus  
  75  7:50  Protoss Air Weapons Level 1  
  75  7:51  Pylon  
  75  7:57  Cybernetics Core  
  75  8:01  Pylon  
  75  8:03  Pylon  
  75  8:06  Photon Cannon  
  75  8:09  Photon Cannon  
  75  8:15  Photon Cannon  
  75  8:25  Protoss Air Armor Level 1  
  75  8:26  Protoss Shields Level 1  
  75  8:27  Photon Cannon  
  75  8:28  Carrier  
  75  8:31  Photon Cannon  
  75  8:33  Photon Cannon, Carrier  
  87  8:38  Photon Cannon  
  87  9:01  Probe  
  87  9:09  Probe  
  88  9:16  Carrier  
  95  9:18  Probe  
  96  9:30  Probe  
  97  9:33  Carrier  
  103  9:42  Probe  
  104  9:54  Probe  
  104  9:57  Protoss Air Weapons Level 2  
  105  10:05  Assimilator, Probe  
  105  10:10  Assimilator  
  105  10:13  Probe  
  106  10:19  Pylon  
  106  10:21  Pylon x2  
  107  10:23  Pylon, Probe  
  107  10:24  Pylon  
  107  10:25  Pylon  
  108  10:33  Protoss Air Armor Level 2  
  108  10:35  Probe  
  109  11:05  Carrier x3  
  127  11:22  Twilight Council  
  127  12:09  Carrier x3  
  145  13:13  Carrier x3  
  163  13:34  Protoss Air Weapons Level 3  
  163  14:01  Pylon  
  151  14:02  Pylon  
  151  14:06  Pylon  
  151  14:11  Pylon  
  151  14:12  Pylon  
  151  14:13  Pylon  
  151  14:17  Carrier  
  151  14:19  Carrier  
  151  14:21  Carrier  
  169  14:29  Gateway  
  169  14:30  Gateway  
  169  14:33  Gateway  
  169  14:38  Photon Cannon  
  169  14:39  Photon Cannon  
  169  14:41  Photon Cannon  
  169  14:47  Photon Cannon x2  
  169  14:52  Shield Battery  
  169  14:53  Shield Battery  
  169  14:58  Shield Battery  
  169  15:00  Shield Battery  
  169  15:12  Protoss Shields Level 2  
  169  15:14  Carrier x2  
  181  15:30  Protoss Air Armor Level 3  
  181  15:46  Carrier  
  187  16:16  Carrier x2  
  175  17:10  Carrier  
  181  17:20  Carrier  
  181  17:21  Carrier  
  181  18:20  Carrier  
  181  18:24  Carrier  
  181  18:25  Carrier  
Show
View Real Time Build Order
Export as new Build Order

Manolo Terran - Winner!

Build Orders:  

Get SALT Encoding   

  12  0:47  Supply Depot  
  12  0:48  Engineering Bay  
  12  0:55  SCV  
  13  1:07  SCV  
  14  1:19  SCV  
  15  1:31  SCV  
  15  1:32  Barracks  
  16  1:44  SCV  
  17  2:17  Refinery  
  17  2:21  SCV  
  18  2:23  Refinery  
  18  2:31  Command Center  
  18  2:33  SCV  
  19  2:45  SCV  
  20  2:54  Missile Turret  
  20  2:57  SCV  
  21  3:07  Marine  
  21  3:09  SCV  
  23  3:26  Factory  
  23  3:42  Marine, SCV  
  23  3:43  Supply Depot  
  25  3:49  Missile Turret  
  25  4:00  Marine  
  26  4:03  SCV  
  26  4:04  Factory  
  26  4:07  Supply Depot  
  27  4:15  SCV  
  28  4:18  Marine  
  28  4:21  Missile Turret  
  29  4:27  SCV  
  29  4:30  Supply Depot  
  30  4:33  Factory Tech Lab  
  30  4:35  Marine  
  31  4:39  SCV  
  31  4:42  Missile Turret  
  32  4:51  SCV  
  33  4:52  Supply Depot  
  33  5:03  Missile Turret  
  33  5:04  Armory  
  33  5:07  Armory  
  33  5:10  Factory Tech Lab  
  33  5:11  Siege Tank  
  36  5:28  SCV  
  37  5:31  Refinery  
  37  5:33  Siege Tank  
  40  5:40  SCV  
  41  5:47  Starport  
  41  5:51  Starport  
  41  5:52  SCV  
  42  6:00  Siege Tank  
  45  6:04  SCV  
  45  6:05  Marine  
  47  6:16  SCV  
  48  6:23  Marine  
  49  6:40  Marine, Siege Tank  
  49  6:44  Starport Tech Lab  
  49  6:46  Starport Tech Lab  
  53  6:49  Terran Ship Weapons Level 1  
  53  6:52  Terran Vehicle And Ship Armor Level 1  
  53  6:58  Marine  
  54  7:07  Refinery  
  54  7:13  SCV  
  54  7:15  Supply Depot  
  55  7:16  Marine  
  56  7:25  SCV  
  56  7:29  Fusion Core  
  57  7:37  SCV  
  57  7:42  Cyclone  
  61  7:45  Cyclone  
  61  7:50  SCV  
  65  8:02  SCV  
  66  8:14  Cyclone  
  69  8:30  Supply Depot  
  69  8:42  Supply Depot  
  69  8:48  Supply Depot, Terran Ship Weapons Level 2  
  69  8:52  Battlecruiser, Cyclone  
  78  9:04  Terran Vehicle And Ship Armor Level 2, Battlecruiser  
  84  9:32  Thor  
  90  9:58  Supply Depot  
  90  10:20  Thor, Battlecruiser  
  102  10:22  Supply Depot  
  102  10:46  Supply Depot  
  90  11:06  Battlecruiser  
  90  11:08  Supply Depot  
  96  11:16  Siege Tank  
  99  11:24  Marine  
  97  11:42  Marine  
  98  11:48  Terran Ship Weapons Level 3  
  98  11:50  Terran Vehicle And Ship Armor Level 3  
  98  12:00  Marine  
  99  12:10  Battlecruiser  
  99  12:15  Battlecruiser  
  111  12:18  Marine  
  112  12:36  Marine  
  97  12:58  Siege Tank  
  67  13:30  Siege Tank  
  70  14:02  Siege Tank  
  61  14:28  Battlecruiser  
  61  14:30  Battlecruiser  
  73  14:34  Siege Tank  
  70  15:32  Siege Tank  
  73  15:36  Siege Tank  
  76  15:53  Battlecruiser  
  76  15:56  Battlecruiser  
  88  16:01  Terran Vehicle Weapons Level 1  
  88  16:04  Siege Tank  
  88  16:08  Siege Tank  
  91  16:37  Siege Tank  
  94  16:40  Siege Tank  
  91  17:09  Siege Tank  
  79  18:47  Siege Tank  
  82  18:59  Supply Depot  
  82  19:04  Supply Depot  
  82  19:07  Siege Tank  
  85  19:19  Siege Tank  
  88  19:39  Siege Tank  
  91  19:51  Siege Tank  
  94  20:11  Siege Tank  
  97  20:23  Siege Tank  
  96  20:43  Siege Tank  
  93  20:55  Siege Tank  
  68  22:59  Siege Tank  
  68  23:02  Siege Tank  
  74  23:15  Supply Depot  
  74  23:18  Supply Depot  
  74  23:31  Supply Depot, Siege Tank  
  77  23:34  Siege Tank  
  77  23:39  Supply Depot  
  68  24:03  Siege Tank  
  68  24:06  Siege Tank  
  68  24:09  Supply Depot  
  74  24:27  Supply Depot  
  74  24:32  Supply Depot  
Show
View Real Time Build Order
Export as new Build Order

DoMiNiCk Protoss - Winner!

Build Orders:  

Get SALT Encoding   

  12  0:26  Pylon  
  12  0:31  Assimilator  
  12  0:41  Assimilator  
  12  0:49  Gateway  
  12  0:56  Forge  
  12  1:24  Probe  
  13  1:36  Probe  
  14  1:44  Cybernetics Core  
  14  2:26  Stargate  
  14  2:29  Pylon  
  14  2:30  Probe  
  14  2:31  Pylon  
  15  2:38  Probe  
  16  2:47  Probe  
  17  2:59  Probe  
Show
View Real Time Build Order
Export as new Build Order

MrFercho Zerg 

Build Orders: Pool First, Lurkers 

Get SALT Encoding   

  12  0:03  Drone  
  13  0:14  Overlord  
  13  0:19  Drone  
  14  0:32  Drone x2  
  16  0:36  Drone  
  17  1:00  Drone  
  17  1:01  Drone  
  19  1:15  Spawning Pool  
  19  1:17  Drone  
  19  1:40  Hatchery, Drone x2  
  19  1:44  Extractor  
  19  1:49  Extractor  
  19  1:53  Drone x2  
  20  2:06  Drone  
  21  2:12  Overlord  
  21  2:26  Drone  
  22  2:30  Queen  
  24  2:38  Drone  
  25  2:57  Drone x3  
  28  3:04  Drone  
  29  3:06  Drone  
  29  3:07  Queen  
  29  3:10  Lair  
  32  3:17  Drone  
  33  3:20  Drone  
  34  3:44  Overlord, Drone x2  
  34  3:45  Overlord x3  
  36  4:02  Roach Warren  
  35  4:09  Evolution Chamber  
  34  4:10  Drone x5  
  39  4:26  Hatchery  
  39  4:27  Drone x2  
  40  4:33  Drone x2  
  42  4:46  Hydralisk Den  
  42  4:49  Extractor  
  42  4:52  Spire  
  39  4:53  Extractor  
  39  4:57  Drone  
  39  4:58  Drone x5  
  44  5:03  Zerg Missile Weapons Level 1  
  44  5:04  Glial Reconstitution  
  46  5:07  Roach x3  
  50  5:23  Metabolic Boost  
  50  5:33  Hydralisk  
  50  5:34  Hydralisk x2  
  56  5:48  Drone x2  
  56  5:49  Drone x8  
  66  6:00  Muscular Augments  
  66  6:07  Drone  
  66  6:08  Infestation Pit  
  66  6:11  Drone x5  
  71  6:32  Tunneling Claws  
  71  6:35  Hydralisk  
  73  6:42  Overlord x10  
  73  6:54  Drone  
  73  6:59  Queen  
  76  7:07  Hive  
  76  7:11  Grooved Spines  
  76  7:23  Lurker Den  
  76  7:25  Drone  
  76  7:26  Drone x7  
  83  7:32  Extractor  
  83  7:34  Extractor  
  81  7:42  Drone x7  
  88  7:48  Hatchery  
  87  8:06  Hydralisk  
  87  8:07  Hydralisk x9  
  107  8:16  Drone x2  
  107  8:19  Drone  
  110  8:23  Seismic Spines  
  110  8:25  Greater Spire  
  110  8:26  Hydralisk  
  110  8:27  Hydralisk x2  
  116  8:38  Drone x7  
  116  8:39  Drone x2  
  125  8:46  Extractor x2  
  125  8:47  Zerg Missile Weapons Level 2  
  123  9:02  Evolution Chamber  
  122  9:20  Drone x2, Adaptive Talons  
  122  9:21  Drone x3  
  122  9:22  Drone x3  
  122  9:23  Drone  
  131  9:27  Queen  
  133  9:41  Zerg Flyer Weapons Level 1  
  133  9:46  Overlord  
  133  9:47  Overlord x8  
  133  9:48  Overlord x3  
  133  9:55  Zerg Ground Armor Level 1  
  133  10:01  Hydralisk x5  
  133  10:02  Hydralisk x2  
  133  10:07  Lurker x7  
  152  10:11  Hydralisk x4  
  152  10:12  Hydralisk  
  164  10:16  Overseer  
  164  10:20  Overseer x2  
  164  10:21  Overseer  
  164  10:23  Hydralisk x4  
  164  10:24  Hydralisk  
  170  11:02  Corruptor  
  170  11:03  Corruptor x7  
  186  11:35  Zerg Flyer Armor Level 1  
  186  11:56  Brood Lord  
  186  11:57  Brood Lord x3  
  185  12:12  Hydralisk x3  
  185  12:13  Hydralisk x6  
  198  12:42  Hydralisk x5  
  198  12:49  Zerg Ground Armor Level 2  
  198  12:50  Zerg Missile Weapons Level 3  
  182  12:58  Hydralisk x16  
  167  13:00  Hydralisk  
  187  13:13  Lurker  
  188  13:21  Lurker x3  
  188  13:23  Lurker  
  161  13:42  Hydralisk x4  
  161  13:43  Hydralisk x11  
  173  14:07  Corruptor  
  173  14:08  Corruptor x4  
  151  14:51  Hatchery  
  148  15:00  Corruptor  
  148  15:01  Corruptor x11  
  172  15:14  Zerg Flyer Armor Level 2  
  172  15:21  Hatchery  
  172  15:23  Hatchery x2  
  163  15:57  Corruptor x5  
  163  15:58  Corruptor x5  
  169  16:27  Extractor  
  169  16:29  Extractor  
  107  16:50  Corruptor x9  
  107  16:51  Corruptor  
  115  17:35  Hydralisk  
  115  17:36  Hydralisk x13  
  115  17:37  Hydralisk  
  121  17:45  Extractor x2  
  121  17:50  Zergling x18, Extractor  
  121  17:51  Zergling x50  
  141  17:52  Extractor x2  
  141  17:53  Extractor  
  149  17:59  Zerg Ground Armor Level 3  
  149  18:00  Zerg Melee Weapons Level 1  
  149  18:08  Adrenal Glands  
  149  18:14  Hydralisk x3  
  113  18:49  Drone x3  
  113  18:50  Drone x2  
  115  19:03  Hydralisk  
  115  19:04  Hydralisk x20  
  115  19:05  Hydralisk  
  157  19:12  Lair  
  155  19:19  Infestation Pit  
  154  19:33  Hydralisk x4  
  154  19:34  Hydralisk x18  
  198  19:51  Pneumatized Carapace  
  198  20:16  Hive  
  198  20:20  Lair  
  125  20:54  Hydralisk  
  125  20:55  Hydralisk x23  
  149  21:03  Overseer  
  147  21:20  Hydralisk x9  
  147  21:21  Hydralisk x5  
  173  21:37  Spawning Pool  
  170  21:40  Spire  
  167  21:57  Hydralisk  
  167  21:58  Hydralisk x15  
  199  22:12  Lurker  
  195  22:36  Hydralisk x17  
  195  22:37  Hydralisk  
  150  22:46  Hydralisk Den  
  120  23:00  Hydralisk x5  
  120  23:01  Hydralisk x3  
  94  23:12  Hydralisk  
  94  23:13  Hydralisk x3  
  100  23:22  Hydralisk x4  
  108  23:37  Hydralisk  
  108  23:38  Hydralisk x3  
  98  23:50  Hatchery, Drone x4  
  98  23:53  Hatchery  
  88  23:56  Hatchery  
  87  24:04  Drone x8  
Show
View Real Time Build Order
Export as new Build Order

tigro Terran 

Build Orders:  

Get SALT Encoding   

  12  0:03  SCV  
  13  0:15  SCV  
  14  0:27  SCV  
  15  0:35  Supply Depot, Refinery  
  15  0:57  SCV  
  16  1:04  Barracks  
  16  1:08  Supply Depot  
  16  1:11  SCV  
  17  1:21  Refinery  
  17  1:23  SCV  
  18  1:36  SCV  
  19  1:48  SCV  
  19  1:51  Marine  
  21  2:00  SCV  
  22  2:04  Barracks  
  22  2:09  Marine  
  22  2:12  SCV  
  24  2:23  Engineering Bay  
  24  2:24  SCV  
  24  2:27  Marine  
  26  2:45  Marine  
  27  2:54  Factory  
  27  2:59  Barracks Reactor  
  27  3:02  Marine  
  28  3:09  Terran Infantry Weapons Level 1  
  28  3:22  Command Center, Barracks Tech Lab  
  28  3:40  Factory Tech Lab  
  28  3:44  Orbital Command  
  28  3:50  Combat Shield  
  28  4:05  Refinery  
  28  4:23  Marine x3  
  31  4:36  Siege Tank  
  31  4:37  Refinery  
  34  4:41  Marine x3  
  37  4:51  SCV  
  37  4:52  Starport  
  38  5:03  Terran Infantry Armor Level 1  
  38  5:04  SCV  
  39  5:09  Stimpack  
  39  5:16  SCV  
  40  5:22  Marine  
  40  5:23  Marine x2  
  43  5:40  Marine  
  43  5:41  Marine x2  
  46  5:48  Medivac  
  48  5:58  Marine  
  39  6:24  Marine x3  
  38  6:41  Marine  
  38  6:42  Marine x2  
  41  6:47  Starport Tech Lab  
  41  6:51  Siege Tank  
  41  6:54  SCV  
  45  6:57  Neosteel Armor  
  45  6:59  Marine x3  
  48  7:06  SCV  
  49  7:17  Marine x3  
  49  7:18  SCV  
  53  7:30  SCV  
  53  7:34  Fusion Core  
  53  7:35  Marine  
  55  7:42  SCV  
  56  8:01  SCV  
  57  8:12  Supply Depot  
  57  8:13  SCV  
  58  8:22  Armory  
  58  8:25  SCV  
  59  8:35  Supply Depot  
  59  8:37  Hi-Sec Auto Tracking, SCV  
  60  8:49  SCV  
  60  8:53  Weapon Refit  
  61  8:57  Command Center  
  61  9:15  Starport  
  61  9:39  Terran Vehicle Weapons Level 1  
  61  9:41  Terran Infantry Weapons Level 2  
  61  9:47  Battlecruiser  
  67  9:54  Starport Tech Lab  
  67  10:09  Thor  
  67  10:13  Refinery  
  73  10:20  SCV  
  74  10:32  SCV  
  74  10:33  Rapid Reignition System  
  75  10:44  Marine x3, SCV  
  79  10:51  Battlecruiser  
  79  10:56  SCV  
  86  11:00  Siege Tank  
  86  11:02  Marine x3  
  92  11:09  SCV  
  93  11:19  Marine  
  93  11:20  Marine x2  
  87  11:29  Advanced Ballistics  
  87  11:32  Siege Tank  
  74  11:33  Terran Vehicle And Ship Armor Level 1  
  74  11:37  Marine  
  74  11:38  Marine x2  
  68  11:55  Marine x3  
  68  11:57  Terran Infantry Armor Level 2  
  65  12:07  Missile Turret  
  65  12:12  Planetary Fortress  
  65  12:13  Marine x3  
  68  12:18  Medivac  
  68  12:19  Medivac  
  72  12:27  Missile Turret  
  72  12:31  Marine x3  
  75  12:37  Refinery  
  75  12:47  Missile Turret  
  75  12:49  Marine x3, Battlecruiser  
  84  13:06  Marine  
  84  13:07  Marine x2, Missile Turret  
  83  13:24  Marine x3  
  74  13:27  Terran Ship Weapons Level 1, Missile Turret  
  66  13:37  Battlecruiser  
  70  13:42  Marine x3  
  68  13:48  Missile Turret  
  68  13:50  SCV  
  68  13:53  Battlecruiser  
  75  14:00  Marine x3  
  75  14:02  Thor, SCV  
  85  14:08  Missile Turret  
  85  14:13  Terran Infantry Weapons Level 3  
  85  14:14  SCV  
  86  14:18  Marine x3  
  86  14:20  Missile Turret  
  89  14:26  SCV  
  89  14:31  Missile Turret  
  90  14:35  Marine  
  90  14:36  Marine x2  
  90  14:38  SCV  
  94  14:39  Missile Turret  
  94  14:41  Battlecruiser  
  92  14:51  Missile Turret  
  88  14:54  Marine  
  89  15:01  Missile Turret  
  89  15:03  SCV  
  90  15:12  Missile Turret  
  90  15:15  SCV  
  91  15:24  Missile Turret  
  91  15:27  SCV  
  92  15:32  Missile Turret  
  92  15:39  SCV  
  93  15:43  Marine x3  
  93  15:45  Missile Turret  
  93  15:48  Thor  
  102  15:51  SCV  
  103  16:01  Marine x3  
  106  16:08  Missile Turret x2  
  106  16:19  Marine x3  
  109  16:28  Missile Turret  
  109  16:48  Missile Turret  
  109  16:49  Marine x3  
  109  16:50  Command Center, Thor  
  105  16:55  Refinery  
  99  17:07  Marine  
  82  17:09  Missile Turret  
  61  17:32  Missile Turret  
  61  17:33  Thor  
  67  17:38  Battlecruiser  
  67  17:39  Battlecruiser  
  55  18:16  Thor  
  53  18:43  Battlecruiser x2  
  65  18:48  Missile Turret  
  53  19:08  Missile Turret  
  47  19:21  Missile Turret  
  41  19:28  Missile Turret  
  41  19:40  Missile Turret  
  41  19:51  Missile Turret  
  53  19:55  Command Center  
  53  19:59  Missile Turret  
  53  20:05  Missile Turret  
  52  20:19  Missile Turret  
Show
View Real Time Build Order
Export as new Build Order

TATORREA Protoss 

Build Orders:  

Get SALT Encoding   

  12  0:01  Probe  
  13  0:13  Probe  
  14  0:25  Probe  
  14  0:26  Pylon  
  15  0:44  Gateway, Probe  
  16  1:00  Probe  
  17  1:10  Probe  
  17  1:11  Assimilator  
  17  1:16  Pylon  
  17  1:18  Probe  
  19  1:26  Probe  
  19  1:29  Assimilator  
  20  1:35  Cybernetics Core  
  20  1:38  Probe  
  21  1:50  Probe  
  22  2:02  Probe  
  22  2:04  Nexus  
  22  2:10  Pylon  
  22  2:21  Probe  
  23  2:28  Warp Gate  
  23  2:29  Stalker  
  25  2:33  Probe  
  26  2:44  Robotics Facility  
  26  2:49  Gateway  
  26  2:51  Probe  
  27  2:59  Sentry  
  27  3:03  Probe  
  30  3:15  Probe  
  30  3:16  Gateway  
  30  3:17  Probe  
  32  3:25  Stalker  
  34  3:30  Probe x2  
  36  3:35  Observer  
  37  3:43  Probe x2  
  39  3:55  Probe x2  
  41  3:56  Immortal  
  45  4:08  Probe x2  
  47  4:18  Nexus  
  47  4:22  Pylon  
  47  4:27  Probe  
  47  4:29  Probe  
  47  4:31  Assimilator  
  49  4:35  Assimilator  
  49  4:37  Stalker  
  51  4:40  Stalker  
  51  4:42  Probe x2  
  55  4:54  Probe  
  55  4:55  Probe  
  57  5:02  Stalker x2  
  57  5:07  Probe  
  62  5:12  Pylon  
  62  5:15  Pylon  
  62  5:20  Pylon  
  62  5:23  Pylon  
  62  5:29  Probe x2  
  62  5:33  Probe  
  65  5:37  Stalker x2  
  65  5:38  Stalker  
  71  5:44  Probe x2  
  71  5:49  Probe  
  74  5:57  Probe x2  
  75  5:58  Forge  
  75  6:00  Forge  
  75  6:01  Probe  
  75  6:02  Forge  
  61  6:27  Probe x2  
  61  6:28  Probe  
  55  6:39  Probe x2  
  57  6:40  Probe  
  57  6:46  Protoss Ground Armor Level 1, Protoss Ground Weapons Level 1, Protoss Shields Level 1  
  58  6:53  Probe x3  
  61  6:58  Nexus  
  61  6:59  Pylon  
  61  7:02  Twilight Council  
  61  7:03  Pylon  
  61  7:05  Gateway  
  61  7:07  Gateway  
  61  7:09  Gateway  
  61  7:10  Gateway, Probe x3  
  61  7:14  Gateway  
  64  7:17  Gateway  
  64  7:19  Assimilator  
  64  7:23  Assimilator, Probe  
  64  7:24  Pylon, Probe x2  
  64  7:25  Pylon  
  67  7:31  Blink  
  67  7:32  Immortal  
  67  7:34  Stalker x3  
  77  7:48  Templar Archives  
  77  7:49  Probe x3  
  80  8:12  Probe x4  
  84  8:17  Pylon  
  84  8:20  Pylon  
  84  8:24  Pylon  
  84  8:27  Pylon, Stargate  
  84  8:29  Assimilator, Stargate  
  84  8:30  Probe x4  
  84  8:32  Stargate  
  88  8:35  Assimilator  
  88  8:42  Probe x2  
  90  8:54  Gateway  
  90  8:57  Gateway x2  
  90  8:59  Gateway x2  
  90  9:00  Stalker x4  
  90  9:01  Stalker x2, Gateway  
  90  9:02  Stalker  
  104  9:03  Gateway  
  104  9:04  Gateway  
  104  9:18  Nexus  
  104  9:21  Pylon  
  104  9:25  Pylon  
  104  9:30  Fleet Beacon  
  104  9:38  Charge  
  104  9:52  Immortal  
  108  9:56  Protoss Air Weapons Level 1  
  108  9:59  Stalker x4  
  116  10:00  Stalker x2  
  116  10:02  High Templar  
  116  10:03  High Templar x4  
  116  10:04  High Templar x3  
  136  10:12  Archon x3  
  136  10:13  Archon  
  135  10:32  Observer  
  130  10:39  Stalker x3  
  130  10:40  Stalker x3  
  130  10:41  Stalker x3, Nexus  
  130  10:42  Stalker x2  
  152  10:44  Pylon  
  152  10:46  Protoss Shields Level 2, Protoss Ground Weapons Level 2  
  152  10:50  Protoss Ground Armor Level 2  
  150  11:25  Probe  
  150  11:26  Probe x2  
  153  11:35  Pylon  
  153  11:38  Stalker x3  
  153  11:39  Stalker x5, Pylon  
  169  11:40  Stalker x4  
  169  11:41  Stalker x3  
  169  11:42  Stalker  
  185  11:54  Assimilator  
  185  11:57  Assimilator  
  140  12:38  Anion Pulse-Crystals  
  140  12:41  Phoenix x2  
  140  12:42  Phoenix  
  100  12:55  Stalker x2  
  100  12:56  Stalker x4  
  100  12:57  Stalker x5  
  100  12:58  Stalker x3  
  122  12:59  Stalker x3  
  122  13:01  Protoss Ground Weapons Level 3  
  122  13:03  Protoss Shields Level 3  
  124  13:06  Phoenix x3  
  124  13:08  Protoss Ground Armor Level 3  
  126  13:31  Oracle x2  
  126  13:32  Oracle  
  131  14:01  Stalker  
  131  14:02  Stalker x5  
  138  14:03  Stalker x2  
  138  14:04  Stalker  
  138  14:08  Phoenix x2  
  138  14:09  Phoenix  
  149  14:21  Protoss Air Weapons Level 2  
  149  14:33  Phoenix x3  
  155  14:40  Stalker x3  
  155  14:41  Stalker x2  
  155  14:42  Stalker x5  
  155  14:43  Stalker  
  155  14:44  Stalker  
  179  14:58  Phoenix  
  181  15:03  Phoenix x2  
  185  15:23  Phoenix  
  185  15:28  Phoenix x2  
  187  15:35  Stalker x2  
  193  15:36  Stalker x2  
  199  15:51  Assimilator  
  199  15:56  Assimilator  
  90  16:38  Phoenix x3  
  78  16:47  Stalker  
  78  16:48  Stalker x5  
  78  16:49  Stalker x4  
  78  16:50  Stalker x4  
  78  16:51  Stalker  
  78  16:52  Stalker  
  110  16:59  Stalker  
  112  17:03  Phoenix x3  
  118  17:21  Stalker x2  
  118  17:22  Stalker x2  
  126  17:28  Phoenix x3  
  132  17:37  Stalker  
  134  17:53  Phoenix x3  
  84  18:14  Stalker  
  84  18:16  Stalker  
  84  18:17  Stalker x4  
  84  18:18  Stalker x2, Phoenix x3  
  106  18:42  Phoenix  
  106  18:43  Stalker x5, Phoenix x2  
  106  18:44  Stalker  
  64  19:07  Phoenix  
  64  19:08  Phoenix x2  
Tags
 
Add a new tag
Caveats
  • Supply blocks, unpowered buildings, or Contaminate may cause inaccurate times.
  • Supply counts are checked every 10 seconds.